 Dungeon Crawl Stone Soup version 0.28-a0-643-g84cb2ea78e (webtiles) character file.

Game seed: 8520789399732049431

85 ytrimaz the Chopper (level 4, -2/41 HPs)
             Began as a Hill Orc Monk on Oct 7, 2021.
             Slain by a gnoll (12 damage)
             ... on level 2 of the Dungeon on Oct 10, 2021.
             The game lasted 00:04:05 (1887 turns).

ytrimaz the Chopper (Hill Orc Monk)                 Turns: 1887, Time: 00:04:05

Health: -2/41      AC:  3    Str: 14    XL:     4   Next: 48%
Magic:  4/4        EV: 12    Int: 10    God:
Gold:   75         SH:  0    Dex: 13    Spells: 3/3 levels left

rFire   . . .      SeeInvis .   a - +0 hand axe
rCold   . . .      Faith    .   (no shield)
rNeg    . . .      Spirit   .   b - +0 robe
rPois   .          Reflect  .   (no helmet)
rElec   .          Harm     .   (no cloak)
rCorr   .          Rampage  .   i - +0 pair of gloves
Will    .....                   (no boots)
Stlth   ++........              e - amulet of regeneration
HPRegen 1.13/turn               (no ring)
MPRegen 0.09/turn               (no ring)

@: no status effects
A: no striking features
a: no special abilities


You were on level 2 of the Dungeon.
You visited 1 branch of the dungeon, and saw 2 of its levels.

You collected 75 gold pieces.

Inventory:

Hand Weapons
 a - a +0 hand axe (weapon)
Missiles
 d - 15 poisoned darts (quivered)
 m - 3 boomerangs
Armour
 b - a +0 robe (worn)
 i - a +0 pair of gloves (worn)
Jewellery
 e - an amulet of regeneration (around neck)
 l - a ring of poison resistance
Scrolls
 c - a scroll of fear {unknown}
 f - a scroll of identify {unknown}
 j - a scroll of amnesia {unknown}
Potions
 g - 2 potions of resistance {unknown}
 h - 2 potions of lignification {unknown}
 k - a potion of mutation {unknown}


   Skills:
 * Level 4.6 Fighting
 * Level 5.6 Axes
 + Level 2.8 Dodging
 - Level 1.5 Stealth


You had 3 spell levels left.
You didn't know any spells.
Your spell library contained the following spells:

 Spells                   Type           Power      Damage    Failure   Level
 Dazzling Flash           Conj/Hex       0%         N/A       75%         3
 Agony                    Necr           0%         N/A       100%        5
 Silence                  Hex/Air        0%         N/A       100%        5


Dungeon Overview and Level Annotations

Branches:
Dungeon (2/15)

Altars:
Makhleb


Message History

You hit the adder.
The adder is almost dead.
You feel sick. The adder bites you. x2
You hit the adder.
You kill the adder!
You feel sick.
You feel sick.
Things that are here:
a +0 flail; a gnoll corpse You feel sick.
You start resting.
You feel sick.
A gnoll is nearby!
You feel sick.
You are no longer poisoned.
You throw a poisoned dart. The poisoned dart hits the gnoll.
You throw a poisoned dart. The poisoned dart hits the gnoll.
You throw a poisoned dart. The poisoned dart hits the gnoll.
You throw a poisoned dart. The poisoned dart hits the gnoll.
The gnoll is poisoned.
You throw a poisoned dart.
The poisoned dart closely misses the gnoll.
The gnoll looks more healthy.
You throw a poisoned dart.
The poisoned dart closely misses the gnoll.
The gnoll barely misses you.
You throw a poisoned dart. The poisoned dart hits the gnoll.
The gnoll is poisoned.
The gnoll is lightly wounded.
The gnoll hits you from afar with a +0 halberd!
The gnoll drinks a potion.
The gnoll flickers and vanishes!
Deactivating autopickup; reactivate with Ctrl-A.
No target in view!
Something hits you! Something hits you. Something hits you!
You barely miss something. Something hits you.
* * * LOW HITPOINT WARNING * * *
The gnoll shouts!
You hit something. Something hits you!
You die...

#####.###.#.#...###...##........
#...............# #.............
#...............# #..#####.#####
#.######..#.#.#.###.............
# #..#...................##
######..# #.#.###..#####.##.##
.........# #.#.# #..# #.##.##
.######..###.#{# #..# #.##.##
#...g...@# #..# #.##.##
.......###.#####..# #.##.##
..................#####.##.##
#####......................##
#..#########........##### #..#
#.######...... #..# #.# #######
#.. #.# # ### #


You could see a gnoll.

Vanquished Creatures
  2 gnolls
  2 adders (D:2)
  A worm (D:2)
  A dart slug (D:2)
  2 bats
  An endoplasm (D:1)
  4 giant cockroaches
  3 goblins (D:1)
  5 hobgoblins (D:1)
  2 jackals (D:2)
  2 quokkas (D:1)
  6 ball pythons
  2 frilled lizards
  6 kobolds
  2 rats
41 creatures vanquished.

Notes
Turn   | Place    | Note
-------+----------+-------------------------------------------
     0 | D:1      | ytrimaz the Hill Orc Monk began the quest for the Orb.
     0 | D:1      | Reached XP level 1. HP: 19/19 MP: 1/1
    63 | D:1      | Reached XP level 2. HP: 27/27 MP: 2/2
    63 | D:1      | Upgraded the game from 0.28-a0-622-gbaef9634d7 to
                  | 0.28-a0-643-g84cb2ea78e
   529 | D:1      | Reached XP level 3. HP: 23/33 MP: 3/3
   663 | D:1      | Found a faded altar of an unknown god.
  1260 | D:2      | Found a burning altar of Makhleb.
  1302 | D:1      | Reached skill level 5 in Axes
  1586 | D:2      | Reached XP level 4. HP: 27/41 MP: 4/4
  1887 | D:2      | Slain by a gnoll

Illustrated notes

Levels and vault maps discovered:
D:1:      dpeg_arrival_tiny_g, layout_basic, ebering_ecumenical_altar_webs,
          hex_medium
D:2:      layout_basic, basic_altar

Skill      XL: |  1  2  3 |
---------------+----------+-----
Fighting       | 4 |  4.6
Axes           | 5 |  5.6
Dodging        | |  2.8
Stealth        | |  1.5

Action                   |  1- 3 |  4- 6 || total
-------------------------+-------+-------++-------
Melee: Hand axe          |   130 |    18 ||   148
Throw: Dart              |       |     7 ||     7
 Stab: Sleeping          |     4 |       ||     4
Armor: Robe              |    26 |     2 ||    28
Dodge: Dodged            |    86 |    10 ||    96

Table legend: (Time is in decaauts)
 A = Elapsed time spent in this place.
 B = Non-inter-level travel time spent in this place.
 C = Inter-level travel time spent in this place.
 D = Time resting spent in this place.
 E = Time spent auto-exploring this place.
 F = Levels seen in this place.
 G = Mean time per level.
                   A        B        C        D        E       F      G
               +--------+--------+--------+--------+--------+-----+--------+
         Total |   1896 |   1879 |     17 |    398 |    933 |   2 |  948.0 |
       Dungeon |   1896 |   1879 |     17 |    398 |    933 |   2 |  948.0 |
               +--------+--------+--------+--------+--------+-----+--------+

Top non-repeatable levels by time:
     D:1: 1215 daAuts
     D:2: 680 daAuts
